 Dungeon Crawl Stone Soup version 0.16.0-11-gd45b091 (webtiles) character file.

131 maniek23 the Charmwright (level 4, -2/34 HPs)
             Began as a Vampire Skald on Mar 17, 2015.
             Slain by a gnoll
             ... wielding a +0 spear of flaming
              (6 damage)
             ... on level 3 of the Dungeon.
             The game lasted 00:13:19 (4408 turns).

maniek23 the Charmwright (Vampire Skald)            Turns: 4408, Time: 00:13:19

Health: -2/34      AC:  3    Str: 12    XL:     4   Next: 91%
Magic:  8/8        EV: 12    Int: 14    God:
Gold:   115        SH:  0    Dex: 13    Spells: 3 memorised, 2 levels left

rFire  . . .     SeeInvis +     f - +2 dagger (venom)
rCold  + . .     Clarity  .     b - +0 leather armour
rNeg   + + .     SustAb   +     (no shield)
rPois  +         Gourm    .     (no helmet)
rElec  .         Spirit   .     (no cloak)
rCorr  .         Warding  .     (no gloves)
rMut   .         Stasis   .     (no boots)
MR     .....                    (no amulet)
Stlth  +.........               h - ring of sustain abilities
                                g - ring of poison resistance

@: regenerating slowly, not resistant to hostile enchantments, very unstealthy
A: bottle blood, fangs 3, see invisible, unbreathing
a: Bat Form


You were on level 3 of the Dungeon.
You were very thirsty.

You visited 1 branch of the dungeon, and saw 3 of its levels.

You collected 115 gold pieces.

Inventory:

Hand weapons
 a - a +0 short sword
 f - a +2 dagger of venom (weapon)
 m - a +0 hunting sling
 u - a +0 quarterstaff
Missiles
 e - 8 curare-tipped needles
 l - 14 poisoned needles
 q - 36 sling bullets
Armour
 b - a +0 leather armour (worn)
 r - a +0 shield
Jewellery
 g - a ring of poison resistance (left hand)
 h - a ring of sustain abilities (right hand)
Scrolls
 i - 2 scrolls of identify
 j - a scroll of enchant armour
 k - a scroll of teleportation {unknown}
 n - a scroll of fear {unknown}
 p - a scroll of amnesia {unknown}
 t - a scroll of blinking {unknown}
Potions
 d - 8 potions of blood
Books
 c - a book of Battle

   Spells                             Type                      Level
   a - Infusion                       Charms                       1
   b - Shroud of Golubria             Charms/Translocation         2
   c - Song of Slaying                Charms                       2
   d - Spectral Weapon                Hexes/Charms                 3
   e - Regeneration                   Charms/Necromancy            3


   Skills:
 + Level 2.4 Fighting
 + Level 2.9 Short Blades
 + Level 0.5 Slings
 + Level 1.7 Armour
 + Level 2.0 Dodging
 + Level 2.6 Spellcasting
 + Level 3.8 Charms


You had 2 spell levels left.
You knew the following spells:

 Your Spells              Type           Power        Failure   Level  Hunger
a - Infusion              Chrm           ##....       8%          1    #......
b - Shroud of Golubria    Chrm/Tloc      #.........   21%         2    ###....
c - Regeneration          Chrm/Necr      #.........   38%         3    ###....


Dungeon Overview and Level Annotations

Branches:
Dungeon (3/15)

Altars:

Annotations:
D:3 Fusha's ghost, average DsVM


Innate Abilities, Weirdness & Mutations

You heal slowly.
You can bottle blood from corpses.
You have razor-sharp teeth.
You have supernaturally acute eyesight.
You can survive without breathing.


Message History

The gnoll hits you from afar with a spear of flaming.
The gnoll burns you.
There are monsters nearby!
Unknown command.
The crimson imp blinks!
The crimson imp blinks!
The gnoll hits you with a spear of flaming!
The gnoll burns you.
The crimson imp blinks!
You hit the gnoll but do no damage.
The giant cockroach bites you but does no damage.
The gnoll hits you with a spear of flaming!
The gnoll burns you.
The crimson imp blinks!
You barely miss the crimson imp. The giant cockroach bites you.
The gnoll hits you with a spear of flaming!
* * * LOW HITPOINT WARNING * * *
The gnoll burns you.
* * * LOW HITPOINT WARNING * * *
The crimson imp hits you but does no damage.
The gnoll hits you with a spear of flaming.
You die...

##..# #.#...).......#
...# #..#####.(.#####
.(..#.>. #...# .###.###
#...# .# #. ...# .. .
#.## # #.#######
#.......# #####@5####.#
####..))gs..#
######....###..#......§#
#!.......## #..####§##.
#.##.....# #..# #
#.##...5.# #...
#.##.....# #.###
#.....g..# #.#
#...g.s### #.#


You could see a gnoll, a crimson imp and a giant cockroach.

Vanquished Creatures
  3 gnolls (D:3)
  5 adders
  A giant mite (D:1)
  4 giant geckos
  4 giant cockroaches
  5 goblins
  9 hobgoblins
  2 jackals (D:2)
  5 bats
  A giant gecko zombie (D:3)
  A giant newt (D:2)
  6 kobolds
  6 rats
52 creatures vanquished.

Notes
Turn   | Place    | Note
--------------------------------------------------------------
     0 | D:1      | maniek23, the Vampire Skald, began the quest for the Orb.
     0 | D:1      | Reached XP level 1. HP: 16/16 MP: 3/3
   792 | D:1      | Reached XP level 2. HP: 22/22 MP: 4/4
  1132 | D:1      | Reached XP level 3. HP: 18/27 MP: 6/6
  1616 | D:2      | Reached skill level 1 in Armour
  2329 | D:2      | Reached XP level 4. HP: 22/33 MP: 8/8
  3021 | D:3      | Noticed Fusha's ghost (average DsVM)
  3028 | D:3      | HP: 1/33 [Fusha's ghost/sting (1)]
  3516 | D:2      | HP: 1/33 [poisoned by Fusha's ghost (sting)]
  3989 | D:2      | Learned a level 2 spell: Shroud of Golubria
  3993 | D:2      | Learned a level 3 spell: Regeneration
  4408 | D:3      | Slain by a gnoll

Action                   |  1- 3 |  4- 6 || total
-------------------------+-------+-------++-------
Melee: Dagger            |    76 |    62 ||   138
       Short sword       |     5 |       ||     5
 Fire: Hunting sling     |       |    13 ||    13
 Abil: End Transformatio |       |     2 ||     2
       Bat Form          |       |     2 ||     2
  Use: Potion            |     1 |     5 ||     6
       Scroll            |     1 |       ||     1
  Eat: Corpse            |     1 |     1 ||     2
